[Event "ESP-chT Honor Division 2022"]
[Site "Linares"]
[Date "2022.09.19"]
[Round "3.19"]
[White "Van Foreest, Jorden"]
[Black "Cheparinov, Ivan"]
[Result "1-0"]
[ECO "D02"]
[WhiteElo "2691"]
[BlackElo "2686"]
[Annotator "TA"]
[PlyCount "75"]
[EventDate "2022.09.17"]
[EventType "team-tourn"]
[EventCountry "ESP"]
[SourceTitle "playchess.com"]
[Source "ChessBase"]
[SourceQuality "1"]
[TimeControl "5400+30"]

1. d4 d5 2. Nf3 Nf6 3. c3 c6 4. Qc2 Bg4 5. Ne5 Bh5 {[%emt 0:00:02] BESTDEEP} 6. Qf5 {[%emt 0:00:44] CPLX 2.1 15 (Qc2-b3) (=15). D02: 1 d4 d5 2 Nf3 sidelines, including 2...Nf6 3 g3 and 2...Nf6 3 Bf4.} Bg6 {[%emt 0:06:17] CPLX 2.6 13 (Nb8-d7) (=7)} 7. Qh3 {[%emt 0:00:17] CPLX 2.8} Bxb1 {[%emt 0:00:03] CPLX 2.4 16 (Rh8-g8) (=10)} 8. Rxb1 {[%emt 0:00:09] RECAPT. The position is equal.} Nbd7 {[%emt 0:00:16] [#] EASY} 9. g4 $146 {[%emt 0:15:15] CPLX 2.5 40 (f2-f3) (=14)} ({Predecessor:} 9. Bf4 e6 10. e3 Nxe5 11. dxe5 Nd7 12. Qg3 g6 13. h4 Bg7 14. h5 Qc7 15. Qh4 {0-1 (43) Liang,J (2408)-Stremavicius,T (2500) New York 2021}) 9... Nxe5 {[%emt 0:07:36] BESTDEEP} 10. dxe5 {[%emt 0:00:16] RECAPT} Nd7 {[%emt 0:00:10] CPLX 2.3} 11. e6 {[%emt 0:02:23] BESTDEEP} fxe6 {[%emt 0:00:08] EASY} 12. g5 {[%emt 0:00:46] CPLX 2.0 2 (Bf1-g2) (=8)} e5 {[%emt 0:01:44] CPLX 2.2 18 (Qd8-a5) (=6)} (12... Qa5 $5 ) 13. e4 {[%emt 0:05:43] CPLX 2.3} Nc5 {[%emt 0:09:32] CPLX 2.5 12 (Qd8-a5) (=7)} 14. Be2 {[%emt 0:01:37] DEEPSTRONG} g6 {[%emt 0:02:28] CPLX 2.8 50 (Nc5xe4) (=11)} (14... Nxe4 $11 15. Bh5+ g6 16. Bxg6+ hxg6 17. Qxh8 Qd7) 15. exd5 $14 {[%emt 0:02:25] CPLX 2.6} cxd5 {[%emt 0:12:24] RECAPT} 16. Be3 {[%emt 0:07:11] CPLX 2.5 28 (Be2-b5) (=8)} Qd7 {[%emt 0:07:43] Inhibits Bb5. CPLX 2.9} 17. Bg4 {[%emt 0:07:58] BESTDEEP} Qc6 {[%emt 0:11:28] White must now prevent ...Nd3+. BESTDEEP} 18. O-O {[%emt 0:04:28] CPLX 2.8 26 (Be3xc5) (=9)} (18. Bxc5 $5 Qxc5 19. Bd7+ Kd8 20. Rd1 $11) 18... Rd8 {[%emt 0:00:43] CPLX 2.7} 19. f4 {[%emt 0:02:21] BESTDEEP} d4 {[%emt 0:02:02] EASY} 20. cxd4 {[%emt 0:04:32] CPLX 3.6 9 (Be3-f2) (=8)} exd4 {[%emt 0:00:13] RECAPT} 21. Bd2 {[%emt 0:01:12] aiming for f5. A strong pair of Bishops. CPLX 3.3} Bg7 $1 {[%emt 0:02:19] DEEPSTRONG} 22. Rbc1 {[%emt 0:07:28] RELBLUND 86 (Bg4-f3) (=12)} (22. Bf3 $11 {remains equal.} Qd7 23. Qxd7+ Kxd7 24. b4) 22... Qb6 $2 {[%emt 0:00:54][%mdl 8192] RELBLUND 356 (d4-d3) (=26)} (22... d3 $17 {Hoping for ...Bd4+.} 23. Bf3 Qd6) 23. Qa3 {[%emt 0:00:35] CPLX 3.0 107 (f4-f5) (=17)} Rd5 {[%emt 0:07:02] BESTDEEP} 24. Bf3 $36 {[%emt 0:04:17][%mdl 3072] White has strong compensation. Keeping Black busy. BESTDEEP} (24. Bb4 d3 25. Kh1 (25. Bxc5 Rxc5 26. Rxc5 Bd4+ 27. Kh1 Qxc5 $11) 25... Bd4 $16) 24... Rf5 {[%emt 0:00:20] [#] EASY} 25. b4 $1 {[%emt 0:00:16] DEEPSTRONG} ({Don't do} 25. Bb4 $6 d3 26. Bxc5 Rxc5 27. Rxc5 Bd4+ 28. Kg2 (28. Kh1 Qxc5 29. Qxd3 O-O $11) 28... Bxc5 29. Qxd3 Qxb2+ 30. Kh1 Qd4 $11) 25... Ne6 {[%emt 0:01:08] CPLX 2.9} 26. Qa4+ {[%emt 0:00:04] CPLX 3.3 68 (Rf1-e1) (=18)} (26. Rfe1 $18) 26... Kf7 $16 {[%emt 0:01:01] CPLX 3.2} 27. Qb3 {[%emt 0:00:38] CPLX 3.1} Rd8 {[%emt 0:01:45] CPLX 3.3} 28. Rfe1 {[%emt 0:00:51] And now Bg4 would win. CPLX 3.3 31 (Bf3-e4) (=18)} Rd6 $2 {[%emt 0:02:30] MISS-d4-d3 183 (d4-d3) (=27)} (28... d3+ $16 {is a better defense.} 29. Kg2 a5) 29. Kg2 {[%emt 0:02:52] CPLX 4.5 9 (Bf3-e4) (=18)} ({Weaker is} 29. Rc8 d3+ 30. Kg2 Qd4 $16) 29... Kf8 {[%emt 0:02:46] CPLX 4.5 85 (a7-a6) (=29)} 30. Rc8+ {[%emt 0:00:29] CPLX 4.0 18 (Bf3-g4) (=18)} Nd8 {[%emt 0:00:03] BESTDEEP} 31. Bg4 {[%emt 0:01:50] CPLX 4.5 33 (a2-a4) (=18)} ({Less strong is} 31. Qa4 d3 $16) 31... Qb5 {[%emt 0:05:38] CPLX 4.8} 32. Bxf5 {[%emt 0:02:27] CPLX 5.1 137 (a2-a4) (=23)} (32. a4 $18 Qd5+ 33. Qxd5 Rfxd5 34. Bf3) 32... Qxf5 {[%emt 0:00:03] RECAPT} 33. Rc5 {[%emt 0:00:28] Chess con chili. CPLX 5.4 1 (Qb3-h3) (=22)} Qd7 {[%emt 0:00:51] CPLX 5.1 0 (Qf5-g4) (=25)} 34. Qf3 {[%emt 0:01:12] White is much more active. CPLX 4.1} b6 $2 {[%emt 0:03:15] [#] CPLX 3.2 231 (Kf8-g8) (=32)} (34... Kg8 $16) 35. Rc4 $2 {[%emt 0:01:28] RELBLUND 278 (Rc5-e5) (=30)} (35. Rce5 $1 $18 ) 35... Rd5 {[%emt 0:01:01] [#] CPLX 3.3 149 (d4-d3) (=36)} (35... d3 $14) 36. Rc7 $3 $18 {[%emt 0:00:35][%mdl 512] CPLX 3.3} Qxc7 {[%emt 0:00:19] EASY} 37. Qxd5 {[%emt 0:00:07] Threatens to win with b5. EASY} e6 {[%emt 0:00:31] CPLX 3.9 85 (Kf8-e8) (=36)} 38. Rc1 {Weighted Error Value: White=0.34/Black=0.49} 1-0

[Event "ESP-chT Honor Division 2022"]
[Site "Linares"]
[Date "2022.09.19"]
[Round "3.20"]
[White "Santos Latasa, Jaime"]
[Black "Nihal Sarin"]
[Result "1/2-1/2"]
[ECO "C42"]
[WhiteElo "2680"]
[BlackElo "2677"]
[Annotator "TA"]
[PlyCount "66"]
[EventDate "2022.09.17"]
[EventType "team-tourn"]
[EventCountry "ESP"]
[SourceTitle "playchess.com"]
[Source "ChessBase"]
[SourceQuality "1"]
[TimeControl "5400+30"]

1. e4 e5 2. Nf3 Nf6 3. Nxe5 d6 4. Nf3 Nxe4 5. d4 d5 6. Bd3 Bf5 7. O-O Be7 8. Re1 O-O {[%emt 0:01:03] BESTDEEP} 9. Nbd2 {[%emt 0:00:15][%cal Rd2e4] CPLX 2.5 12 (c2-c4) (=12). C42: Petroff Defence: 3 Nxe5 and unusual White 3rd moves.} (9. c4 {looks sharper.} Nc6 10. cxd5 Qxd5 11. Nc3) 9... Nd6 $1 {[%emt 0:00:16] CPLX 2.5} 10. Nf1 {[%emt 0:00:09] CPLX 2.2 0 (Bd3xf5) (=6)} c6 {[%emt 0:02:40] 10...Bg6 is a critical line.} 11. Bf4 {[%emt 0:01:01] [#] Black must now prevent Bxd6. CPLX 2.2} Bxd3 {[%emt 0:00:58] CPLX 2.5} 12. Qxd3 {[%emt 0:00:34] RECAPT} Na6 {[%emt 0:00:34][%cal Bb8a6,Ba6c7,Bc7e6][%mdl 32] BESTDEEP} 13. Re2 {[%emt 0:02:06] BESTDEEP} Nc7 {[%emt 0:01:28] CPLX 2.6 14 (Rf8-e8) (=2)} 14. Rae1 {[%emt 0:01:35] CPLX 2.7 8 (Nf1-e3) (=3)} Ne6 {[%emt 0:00:13] CPLX 2.7} 15. Bxd6 {[%emt 0:00:08] CPLX 2.9} Bxd6 {[%emt 0:00:28] RECAPT} 16. g3 {[%emt 0:00:07] Inhibits Nf4. CPLX 2.3} Qf6 {[%emt 0:05:44] CPLX 2.2 10 (Qd8-d7) (=3)} 17. c3 {[%emt 0:01:20] [#] CPLX 2.4 12 (Kg1-g2) (=4)} Qg6 $146 {[%emt 0:09:54] CPLX 2.4 4 (Ra8-e8) (=3)} ({Predecessor:} 17... Rae8 18. Kg2 Re7 19. Ne3 Qg6 20. Qxg6 hxg6 21. Kf1 Rfe8 22. h4 Nc7 {½-½ (33) Danin,A (2511)-Volokitin,A (2634) Austria 2019}) 18. Qxg6 {[%emt 0:02:11] CPLX 2.6 2 (Nf3-e5) (=3)} hxg6 {[%emt 0:00:08] RECAPT} 19. h4 {[%emt 0:00:58] CPLX 2.0 6 (a2-a3) (=4)} Rfe8 {[%emt 0:00:35] CPLX 2.0 10 (Ne6-c7) (=3)} 20. N1d2 {[%emt 0:03:48] CPLX 2.0 15 (Nf1-h2) (=5)} Rad8 {[%emt 0:10:24] CPLX 2.0 14 (Kg8-f8) (=4)} 21. Kf1 {[%emt 0:02:09] CPLX 2.0 10 (Nd2-b3) (=5)} Kf8 {[%emt 0:08:28] BESTDEEP} 22. Ne5 {[%emt 0:03:20] CPLX 2.0 0 (Nd2-b3) (=5)} Bxe5 {[%emt 0:00:31] CPLX 2.0} 23. Rxe5 {[%emt 0:00:07] RECAPT} Re7 {[%emt 0:12:46] CPLX 2.0 0 (Rd8-d7) (=3)} 24. Nf3 {[%emt 0:04:19] CPLX 2.0 9 (Nd2-b3) (=5)} Rde8 $1 {[%emt 0:00:13] CPLX 2.0} 25. R5e3 {[%emt 0:00:50] CPLX 2.0 0 (a2-a4) (=4)} f6 {[%emt 0:00:22] BESTDEEP} 26. Ke2 {[%emt 0:02:14] CPLX 2.0 2 (a2-a4) (=4)} Nc7 {[%emt 0:00:59] CPLX 2.0 9 (Kf8-f7) (=3)} 27. Rxe7 {[%emt 0:00:36] CPLX 2.0 9 (a2-a4) (=4)} Rxe7+ {[%emt 0:00:08] RECAPT 10 (Kf8xe7) (=4)} 28. Kd3 {[%emt 0:00:06] CPLX 2.0} Rxe1 {[%emt 0:01:56] CPLX 2.0} 29. Nxe1 $11 {[%emt 0:00:10] KN-KN. RECAPT} Ke7 {[%emt 0:01:34] CPLX 2.0 8 (Kf8-f7) (=4)} 30. Ng2 {[%emt 0:00:44] CPLX 2.0 7 (Ne1-c2) (=4)} Ne8 {[%emt 0:04:11] BESTDEEP} 31. Nf4 {[%emt 0:01:17] CPLX 2.0} Kf7 {[%emt 0:00:37] CPLX 2.0 13 (g6-g5) (=4)} 32. f3 {[%emt 0:01:09] CPLX 2.0 18 (g3-g4) (=5)} Nd6 {[%emt 0:00:22] CPLX 2.0 0 (g6-g5) (=4)} 33. g4 {[%emt 0:00:07] BESTDEEP} g5 {[%emt 0:00:20] An uneventful encounter.  Weighted Error Value: White=0.05 (flawless) /Black=0.03 (flawless)} 1/2-1/2

[Event "ESP-chT Honor Division 2022"]
[Site "Linares"]
[Date "2022.09.19"]
[Round "3.21"]
[White "Hakobyan, Aram"]
[Black "Pichot, Alan"]
[Result "1/2-1/2"]
[ECO "E21"]
[WhiteElo "2611"]
[BlackElo "2641"]
[Annotator "TA"]
[PlyCount "63"]
[EventDate "2022.09.17"]
[EventType "team-tourn"]
[EventCountry "ESP"]
[SourceTitle "playchess.com"]
[Source "ChessBase"]
[SourceQuality "1"]
[TimeControl "5400+30"]

1. d4 Nf6 2. c4 e6 3. Nc3 Bb4 4. Nf3 Bxc3+ 5. bxc3 d6 {[%emt 0:00:10] CPLX 2.0 1 (b7-b6) (=1)} 6. Bg5 {[%emt 0:05:59][%cal Bc1g5,Bg5h4,Bh4g3][%mdl 32] CPLX 2.1 7 (e2-e3) (=7). E21: Nimzo-Indian: 4 Nf3.} h6 {[%emt 0:01:50] CPLX 2.4 14 (b7-b6) (=8)} 7. Bh4 {[%emt 0:00:11] BESTDEEP} Qe7 {[%emt 0:01:09] CPLX 2.4 0 (Nb8-c6) (=5)} 8. Nd2 {[%emt 0:01:14] CPLX 2.4 0 (e2-e3) (=2). White has an edge.} e5 {[%emt 0:02:42] BESTDEEP} 9. e3 {[%emt 0:00:24] CPLX 2.7 14 (f2-f3) (=5)} g5 {[%emt 0:25:05] CPLX 2.8 27 (Nb8-c6) (=8)} 10. Bg3 {[%emt 0:00:03] CPLX 2.7} Nc6 {[%emt 0:00:05] CPLX 2.5 0 (Bc8-f5) (=7)} 11. Be2 {[%emt 0:01:27] [#] CPLX 2.6 0 (d4-d5) (=4)} Bf5 $146 {[%emt 0:01:03] CPLX 2.6 0 (Bc8-d7) (=6)} ({Predecessor:} 11... h5 12. h4 g4 13. Qc2 Bd7 14. d5 Nd8 15. Bd3 b6 16. Bf5 Nb7 17. Bxd7+ Nxd7 {0-1 (68) Pushkov,N (2304)-Oganian,M (2412) Maikop 2018}) 12. d5 {[%emt 0:15:01] EASY} Nb8 {[%emt 0:02:24] BESTDEEP} 13. h4 {[%emt 0:04:19] CPLX 2.6 12 (f2-f3) (=4)} Rg8 {[%emt 0:01:53] BESTDEEP} 14. hxg5 {[%emt 0:06:23] CPLX 2.8} hxg5 {[%emt 0:00:07] RECAPT} 15. c5 {[%emt 0:08:54][%cal Oe3e4] CPLX 2.8 18 (f2-f3) (=5)} Nbd7 {[%emt 0:00:32] EASY} 16. cxd6 {[%emt 0:13:33] CPLX 2.9 22 (Qd1-a4) (=7)} cxd6 {[%emt 0:00:08] RECAPT} 17. c4 {[%emt 0:00:13] CPLX 2.5 27 (Qd1-a4) (=8)} Kf8 {[%emt 0:03:16] RELBLUND 92 (Nd7-c5) (=10)} (17... Nc5 $17) 18. f3 $36 {[%emt 0:02:04][%mdl 2048] Black is under pressure. CPLX 2.9} Kg7 {[%emt 0:01:18] BESTDEEP} 19. e4 {[%emt 0:01:00] EASY} Bg6 {[%emt 0:00:11] CPLX 3.2} 20. Bf2 {[%emt 0:01:24] CPLX 2.9} Rh8 {[%emt 0:06:41] CPLX 3.0 39 (Nf6-h5) (=11)} 21. Rxh8 {[%emt 0:01:48] EASY} Rxh8 {[%emt 0:00:05] RECAPT} 22. Qa4 {[%emt 0:01:21] BESTDEEP} Rh1+ {[%emt 0:06:32] CPLX 2.7 45 (g5-g4) (=12)} 23. Bf1 {[%emt 0:00:14] CPLX 2.4} a6 {[%emt 0:06:20] EASY} 24. Qb4 {[%emt 0:01:47] CPLX 2.6 42 (g2-g4) (=7)} Nc5 {[%emt 0:04:15] MISSDEEP-g5-g4 44 (g5-g4) (=13)} 25. Bxc5 {[%emt 0:01:59] CPLX 2.9} dxc5 {[%emt 0:00:03] RECAPT} 26. Qb6 {[%emt 0:00:05] CPLX 2.6} Ne8 {[%emt 0:07:28][%cal Og5g4] [#] CPLX 2.8 44 (g5-g4) (=14)} 27. g4 $1 {[%emt 0:06:35] And now Rb1 would win. DEEPSTRONG} Rh6 {[%emt 0:05:11][%cal Og6e4] DEEPSTRONG} 28. Qa7 {[%emt 0:02:24] Threatens to win with Rb1. White is more active. BESTDEEP} Rh2 {[%emt 0:01:28] CPLX 2.2} 29. O-O-O {[%emt 0:01:34] CPLX 3.0 12 (Bf1-e2) (=6)} Qc7 {[%emt 0:01:52] Strongly threatening ...Qa5. CPLX 3.9 25 (Rh2-f2) (=13)} 30. Nb3 {[%emt 0:00:17] Inhibits Qa5. EASY} b6 $1 {[%emt 0:02:29] DEEPSTRONG} 31. Qxc7 {[%emt 0:01:56] CPLX 4.6 20 (Qa7xa6) (=7)} Nxc7 {[%emt 0:00:05] RECAPT} 32. Rd2 {[%emt 0:13:33] Weighted Error Value: White=0.08 (flawless) /Black=0.17 (very precise)} ({White should play} 32. Nd2 $14) 1/2-1/2

[Event "ESP-chT Honor Division 2022"]
[Site "Linares"]
[Date "2022.09.19"]
[Round "3.22"]
[White "Perez Candelario, Manuel"]
[Black "Arizmendi Martinez, Julen Luis"]
[Result "1/2-1/2"]
[ECO "C88"]
[WhiteElo "2566"]
[BlackElo "2488"]
[Annotator "TA"]
[PlyCount "101"]
[EventDate "2022.09.17"]
[EventType "team-tourn"]
[EventCountry "ESP"]
[SourceTitle "playchess.com"]
[Source "ChessBase"]
[SourceQuality "1"]
[TimeControl "5400+30"]

1. e4 e5 2. Nf3 Nc6 3. Bb5 a6 4. Ba4 Nf6 5. O-O Be7 6. Re1 b5 7. Bb3 d6 8. c3 Na5 9. Bc2 c5 10. d4 cxd4 11. cxd4 {[%emt 0:00:05] RECAPT} Bg4 $1 {[%emt 0:00:30][%mdl 4] CPLX 2.3 13 (0-0) (=13) is now more promising than 11...Qc7. C90: Closed Ruy Lopez with 7...d6: Early deviations.} 12. dxe5 {[%emt 0:11:48] CPLX 2.6 11 (Nb1-d2) (=6)} Bxf3 {[%emt 0:00:21][%mdl 64] [#] Remove Defender. CPLX 3.1} 13. Qxf3 {[%emt 0:00:05] RECAPT} dxe5 {[%emt 0:00:07] EASY. White has an edge.} 14. Nc3 {[%emt 0:01:22] BESTDEEP} Nc6 {[%emt 0:21:26] CPLX 2.2 35 (0-0) (=12)} 15. Be3 {[%emt 0:02:34] [#] BESTDEEP} Nd4 $146 {[%emt 0:22:24] EASY} ({Predecessor:} 15... O-O 16. Rad1 Nd4 17. Bxd4 exd4 18. e5 Ne8 19. Nd5 Bc5 20. b4 Ba7 21. Be4 Rc8 22. Qf5 g6 23. Qxc8 {1-0 (23) Szalanczy,E (2074)-Hashem,K (1933) Budapest 2019}) 16. Bxd4 {[%emt 0:02:26] EASY} Qxd4 {[%emt 0:00:14] RECAPT} 17. Bb3 {[%emt 0:04:45] And now Nd5 would win. BESTDEEP} O-O {[%emt 0:11:51] CPLX 2.7} 18. Red1 {[%emt 0:00:50] CPLX 2.8} Qa7 {[%emt 0:01:37] CPLX 3.2 3 (Qd4-b6) (=6)} 19. Nd5 {[%emt 0:04:54] CPLX 2.7} Rad8 {[%emt 0:05:40] CPLX 2.7 17 (Nf6xd5) (=8)} 20. Rac1 {[%emt 0:23:43] [#] Hoping for Rc7. CPLX 2.8 23 (Qf3-e3) (=3)} Nxd5 {[%emt 0:00:29] CPLX 2.8} 21. Bxd5 {[%emt 0:03:42] CPLX 3.0 41 (Rd1xd5) (=7)} Rd6 {[%emt 0:02:09] CPLX 2.6 25 (Be7-c5) (=8)} 22. Rc2 {[%emt 0:03:01] CPLX 2.7 11 (Qf3-c3) (=7)} Rf6 {[%emt 0:04:46] CPLX 2.7 16 (Be7-d8) (=9)} 23. Qc3 {[%emt 0:00:40] CPLX 3.1} Bd6 {[%emt 0:00:29][%cal Be7d6,Bd6b8,Bb8a7,Ba7b6][%mdl 32] CPLX 2.8 4 (Qa7-b8) (=9)} 24. g3 {[%emt 0:01:25] CPLX 2.8 2 (Rd1-c1) (=6)} g6 {[%emt 0:04:46] CPLX 2.8 0 (Rf8-d8) (=8)} 25. Qe3 {[%emt 0:00:55] CPLX 2.8 12 (Kg1-g2) (=7)} Qxe3 {[%emt 0:02:30] EASY} 26. fxe3 {[%emt 0:00:04] RECAPT} Bb8 {[%emt 0:02:13] CPLX 2.0 7 (a6-a5) (=8)} 27. Rf1 {[%emt 0:00:37] CPLX 2.0} Rd6 {[%emt 0:06:44] CPLX 2.2} 28. Rfc1 {[%emt 0:01:21] CPLX 2.0 7 (Kg1-f2) (=6)} Ba7 {[%emt 0:03:44] CPLX 2.0 16 (Rd6-f6) (=8)} 29. Kf2 {[%emt 0:00:30] CPLX 2.0} Bb6 {[%emt 0:00:10] Inhibits Rc7. CPLX 2.0} 30. Ke2 {[%emt 0:01:16] BESTDEEP} Kg7 {[%emt 0:01:08] CPLX 2.0} 31. Rc8 {[%emt 0:03:36] CPLX 2.0 39 (Rc2-c6) (=7)} Rxc8 {[%emt 0:01:30] CPLX 2.2} 32. Rxc8 $11 {[%emt 0:00:06][%mdl 4096] Endgame KRB-KRB. RECAPT} f5 {[%emt 0:00:53] RELBLUND 59 (g6-g5) (=9)} (32... g5 $11) 33. b4 $14 {[%emt 0:03:57] CPLX 2.1} fxe4 {[%emt 0:00:39] CPLX 2.2} 34. Bxe4 {[%emt 0:00:11] RECAPT} a5 {[%emt 0:00:42] BESTDEEP} 35. a3 {[%emt 0:01:54] CPLX 2.1} axb4 {[%emt 0:00:02] CPLX 2.0 0 (Rd6-d8) (=8)} 36. axb4 {[%emt 0:00:04] RECAPT} Bd8 {[%emt 0:00:39] CPLX 2.0 25 (Rd6-d8) (=8)} 37. Rc5 {[%emt 0:03:13] CPLX 2.0 53 (Rc8-b8) (=7)} (37. Rb8 $16) 37... Kf6 {[%emt 0:00:09] CPLX 2.0 36 (Rd6-b6) (=9)} 38. h4 {[%emt 0:08:48] White is more active. RELBLUND 56 (Rc5xb5) (=9)} (38. Rxb5 $14 Rb6 39. Rxb6+ Bxb6 40. Kd3) 38... Rb6 $1 $11 {[%emt 0:01:05] DEEPSTRONG} 39. g4 {[%emt 0:01:03] CPLX 2.0} h6 {[%emt 0:00:39] Inhibits g5+. BESTDEEP} 40. Rc8 {[%emt 0:01:35] BESTDEEP} Ke7 {[%emt 0:00:40] MISS-Bd8-e7 39 (Bd8-e7) (=10)} 41. h5 {[%emt 0:04:03] BESTDEEP} gxh5 {[%emt 0:00:16] CPLX 2.1} 42. gxh5 {[%emt 0:00:03] RECAPT} Ra6 {[%emt 0:00:29] CPLX 2.0} 43. Rb8 {[%emt 0:01:45] BESTDEEP} Rb6 {[%emt 0:00:22] BESTDEEP} 44. Ra8 {[%emt 0:00:10] CPLX 2.1} Kd7 {[%emt 0:00:44] CPLX 2.0 9 (Rb6-f6) (=9)} 45. Bf5+ {[%emt 0:00:37] CPLX 2.0} Ke7 {[%emt 0:00:18] EASY} 46. Kf3 {[%emt 0:01:05] CPLX 2.0 1 (Ra8-c8) (=7)} Kf6 {[%emt 0:00:40] CPLX 2.0 0 (Bd8-c7) (=8)} 47. Ke4 {[%emt 0:02:25] CPLX 2.2 58 (Bf5-e4) (=8)} (47. Be4 $14 Rd6 48. Rb8) 47... Be7 {[%emt 0:00:30] CPLX 2.2. The position is equal.} 48. Rg8 {[%emt 0:02:54] White threatens Rg6+ and mate. CPLX 2.0} Kf7 {[%emt 0:00:03] CPLX 2.2} 49. Rg4 {[%emt 0:01:20] CPLX 2.2 0 (Rg8-h8) (=8)} Bxb4 {[%emt 0:00:11] CPLX 2.0} 50. Kxe5 {[%emt 0:00:14] EASY} Bc3+ {[%emt 0:00:36] CPLX 2.0 0 (Bb4-d2) (=8)} 51. Ke4 {Weighted Error Value: White=0.10 (very precise) /Black=0.09 (flawless)} 1/2-1/2

[Event "ESP-chT Honor Division 2022"]
[Site "Linares"]
[Date "2022.09.19"]
[Round "3.23"]
[White "Macias Pino, Diego"]
[Black "Stefanova, Antoaneta"]
[Result "1/2-1/2"]
[ECO "C54"]
[WhiteElo "2381"]
[BlackElo "2472"]
[Annotator "TA"]
[PlyCount "45"]
[EventDate "2022.09.17"]
[EventType "team-tourn"]
[EventCountry "ESP"]
[SourceTitle "playchess.com"]
[Source "ChessBase"]
[SourceQuality "1"]
[TimeControl "5400+30"]

1. e4 e5 2. Nf3 Nc6 3. Bc4 Bc5 4. c3 Nf6 5. d4 exd4 6. e5 d5 7. Bb5 Ne4 8. cxd4 Bb6 9. Nc3 O-O {[%emt 0:00:49] CPLX 2.9} 10. Be3 {[%emt 0:00:05] BESTDEEP. C54: Giuoco Piano: 4 c3 Nf6, main lines with 5 d4 and 5 d3.} f5 {[%emt 0:01:44] CPLX 2.8 15 (Bc8-g4) (=8)} 11. exf6 {[%emt 0:01:11] CPLX 3.0 15 (g2-g3) (=8) 11.g3 is vanishing.} Rxf6 {[%emt 0:01:10] RECAPT 7 (Ne4xc3) (=7)} 12. Rc1 {[%emt 0:06:49][%cal Oc3d5] CPLX 2.9 0 (0-0) (=5)} (12. O-O {feels hotter.} Bg4 13. Be2 Qd6 14. Rc1) 12... Nxc3 {[%emt 0:38:18] BESTDEEP} 13. bxc3 {[%emt 0:00:31] RECAPT} Bg4 {[%emt 0:00:11] CPLX 2.3 7 (Qd8-d6) (=6)} 14. Be2 {[%emt 0:01:19] CPLX 2.6} Qd6 {[%emt 0:01:43] [#] CPLX 2.3} 15. O-O $146 {[%emt 0:02:38] BESTDEEP} ({Predecessor:} 15. h3 Bh5 16. O-O Raf8 17. g4 Bg6 18. Bg5 Re6 19. Bh4 Qa3 20. Ng5 Ref6 21. Nf3 {1-0 (35) Ponkratov,P (2608)-Goganov,A (2579) Khanty-Mansiysk 2017}) 15... h6 {[%emt 0:02:00] CPLX 2.7 5 (Rf6-f8) (=5)} 16. Re1 {[%emt 0:03:05] CPLX 2.7 15 (h2-h3) (=4)} Re8 {[%emt 0:05:42] CPLX 2.7} 17. Qd2 {[%emt 0:05:03] BESTDEEP} Re4 {[%emt 0:14:40] CPLX 2.9 39 (Rf6-f8) (=8)} 18. Qd1 {[%emt 0:04:45] [#] Threatens to win with Nd2. CPLX 2.8 39 (h2-h3) (=8)} (18. h3 $5 Bd7 19. Nh2 $11) 18... Re8 {[%emt 0:06:59] BESTDEEP. The position is equal.} 19. Rc2 {[%emt 0:04:54] CPLX 2.8 0 (Qd1-d2) (=7)} Bf5 {[%emt 0:02:45] CPLX 2.9 0 (Qd6-d7) (=7)} 20. Bd3 {[%emt 0:00:47] CPLX 2.7} Bg4 {[%emt 0:00:44] BESTDEEP} 21. Be2 {[%emt 0:00:58] BESTDEEP} Bf5 {[%emt 0:00:04] CPLX 2.9 0 (Qd6-d7) (=6)} 22. Bd3 {[%emt 0:02:05] CPLX 2.7} Bg4 {[%emt 0:00:32] BESTDEEP} 23. Be2 {[%emt 0:01:57] An even fight not without its subleties.  Weighted Error Value: White=0.06 (flawless) /Black=0.05 (flawless)} 1/2-1/2